AoeStats
← Darkspideyy

Fortress

507524295Analyzed
2v2 RM · 14d ago on Sep 18, 2026· 39m 55s· 4 players
Game mode
Random Map
Map size
Normal (6 player)
Population
200
Speed
Normal
Resources
Standard
Victory
Conquest
Starting age
Dark Age
Ending age
Imperial Age
RankedLock teamsTeams togetherTeam positionsShared explorationLock speedFull tech treeHidden civsTurbo modeCheats
Victory
Defeat
🇨🇳 Vikings · China
1101
+14
🇦🇷 Bohemians · Argentina
1019
+17
🇮🇳 Goths · India
1103
-18
🇮🇳 Lithuanians · India
1000
-40
Sacchetti
3:51 Loom
8:25 Feudal Age
10:07 Double-Bit Axe
12:49 Castle Age
10:34 Horse Collar
15:46 Wheelbarrow
17:47 Bow Saw
17:38 Heavy Plow
23:01 Imperial Age
22:40 Chemistry
25:04 Fletching
27:00 Ballistics
32:44 Conscription
32:51 Murder Holes
33:53 Padded Archer Armor
39:54 Treadmill Crane
IDIOT DONT PLAY
8:33 Feudal Age
10:29 Horse Collar
13:02 Castle Age
10:50 Double-Bit Axe
14:16 Bow Saw
14:08 Heavy Plow
18:06 Loom
18:41 Gold Mining
22:45 Gold Shaft Mining
22:01 Town Watch
22:59 Scale Mail Armor
23:10 Forging
23:05 Chieftains
22:31 Man-at-Arms
22:56 Gambesons
23:12 Squires
22:58 Arson
24:11 Chain Mail Armor
26:54 Imperial Age
23:52 Long Swordsman
26:06 Iron Casting
27:03 Town Patrol
27:00 Two-Handed Swordsman
28:14 Plate Mail Armor
28:44 Blast Furnace
28:09 Conscription
27:21 Capped Ram
29:21 Two-Man Saw
28:56 Crop Rotation
27:54 Champion
28:55 Siege Ram
37:21 Hoardings
37:09 Spies/Treason
Satty
9:02 Feudal Age
14:38 Castle Age
12:54 Double-Bit Axe
12:54 Horse Collar
15:49 Loom
18:58 Forging
18:48 Scale Mail Armor
20:29 Wheelbarrow
20:46 Iron Casting
20:41 Gold Mining
20:59 Heavy Plow
23:34 Anarchy
23:50 Squires
26:33 Hand Cart
26:30 Bow Saw
26:14 Stone Mining
34:56 Imperial Age
35:10 Chain Mail Armor
36:30 Conscription
37:29 Blast Furnace
Darkspideyy
6:41 Feudal Age
8:09 Wheelbarrow
7:34 Horse Collar
7:50 Double-Bit Axe
17:42 Castle Age
15:38 Gold Mining
18:55 Hand Cart
19:06 Bow Saw
19:46 Light Cavalry
20:41 Bloodlines
29:08 Imperial Age
27:59 Heavy Plow
28:22 Husbandry
28:43 Scale Mail Armor
29:24 Forging
29:45 Scale Barding Armor
30:58 Winged Hussar
Connection lost

Rejoining the realm…

Still unreachable

The connection could not be restored.

Session expired

The server has moved on; the page needs a fresh start.